Panthers vs Islanders

Created - 5 février 2022 at 16:27

Goals
1 2 3 T
Panthers 0 4 1 5
Islanders 1 1 1 3
Shots
1 2 3 T
Panthers 6 20 9 35
Islanders 9 6 9 24

GoalsPenalties
1st period
1. Islanders , Charlie Coyle 17 (Rasmus Dahlin 33, Anders Lee 3) at 4:03
Rasmus Ristolainen (NYI) for Hooking (Minor) at 5:02
Alex Tuch (NYI) for Interference (Minor) at 16:15
2nd period
2. Panthers , Aleksander Barkov 32 (Dmitry Kulikov 5, Jonathan Marchessault 21) at 3:06
3. Panthers , Vladislav Namestnikov 13 (Nikita Zaitsev 18, Claude Giroux 25) at 3:18
4. Panthers , Michael Raffl 4 (Eric Robinson 3) at 10:20
5. Islanders , Duncan Keith 4 (Charlie Coyle 20, Jesse Puljujarvi 13) at 17:52 (PP)
6. Panthers , Claude Giroux 18 (Reilly Smith 25, Vladislav Namestnikov 20) at 18:13
Rasmus Dahlin (NYI) for Hooking (Minor) at 7:37
Noah Dobson (NYI) for Interference (Minor) at 12:04
Vladislav Namestnikov (FLO) for Charging (Minor) at 16:35
3rd period
7. Panthers , Andre Burakovsky 17 (Aleksander Barkov 41, Colton Parayko 17) at 0:58
8. Islanders , Alexandre Texier 11 (Lawson Crouse 9, Dylan Strome 18) at 17:08
Dylan DeMelo (FLO) for Interference (Minor) at 13:52
Goalie Stats
Collin Delia (FLO), 21 saves from 24 shots - (0,875), W, 5-4-2, 60:00 minutes
Mikko Koskinen (NYI), 30 saves from 35 shots - (0,857), L, 22-21-1, 60:00 minutes
3 StarsOfficial
1 - Aleksander Barkov (FLO)
2 - Vladislav Namestnikov (FLO)
3 - Claude Giroux (FLO)
Referees : Dave Lewis and Jacob Brenk
Linesman : Matt MacPherson and Vaughan Rody
Game Note
No Game Note



Team Name Goals Shots Shots Attemp Shots Blocked PIM HIT PP PK FO%
Panthers 5357354200 / 4 (0%)143%
Islanders 3244178311 / 2 (50%)057%

Panthers
Player Name POS G A P +/- PIM HIT SHT SB MP PP MP PP SHT PK MP PK SHT FO% FOT
Aleksander BarkovC1122003020:164:1011:42046% 28
Andre BurakovskyLW/RW1012003018:344:1000:0000% 1
Brett HowdenC/LW/RW0000031011:470:0000:00033% 9
Claude GirouxC/LW/RW1121014020:203:4611:34052% 25
Colton ParaykoD0110000121:464:1701:5100% 0
David KrejciC0000000011:470:0000:0000% 1
Dmitry KulikovD0112010012:540:0000:0300% 0
Dylan DeMeloD0001233124:153:3910:1800% 0
Eric RobinsonLW011000307:370:0000:0000% 0
Jonathan MarchessaultLW/RW0112002020:164:1001:420100% 2
Justin BraunD0002010013:550:0001:0400% 0
Michael RafflLW/RW101000207:370:0000:0000% 2
Nikita ZaitsevD0110020021:354:1701:4000% 0
Oskar SundqvistC/LW/RW0000020011:470:0000:0000% 1
Reilly SmithLW/RW0111025020:203:4621:3400% 3
Riley NashC/RW000000107:370:0000:00057% 7
Seth JonesD0001002325:343:3921:3600% 0
Vladislav NamestnikovC/LW/RW1121256018:453:4630:0000% 2
Islanders
Player Name POS G A P +/- PIM HIT SHT SB MP PP MP PP SHT PK MP PK SHT FO% FOT
Alex TuchLW/RW000-2252020:031:3202:32040% 5
Alexandre TexierC/LW/RW1010001012:580:0000:0000% 1
Anders LeeLW0110022012:490:0000:0000% 0
Charlie CoyleC/RW1120023114:331:4400:00060% 20
Duncan KeithD101-1003124:441:5713:2600% 0
Dylan StromeC/LW/RW0110001012:580:0000:00058% 12
J.T. MillerC/LW/RW000-2055021:191:3213:4700% 1
Jesse PuljujarviRW0110041018:421:4404:09075% 4
Johan LarssonC000-100107:010:0000:00063% 8
John KlingbergD000-1000017:480:0000:0000% 0
Lawson CrouseLW/RW0110050014:421:4400:0000% 0
Mark ScheifeleC000-2002021:191:3203:47057% 28
Milan LucicLW000-100108:380:0001:37050% 2
Noah DobsonD000-1210014:261:1901:2900% 0
Rasmus DahlinD011-1230022:291:1903:2300% 0
Rasmus RistolainenD000-1232424:211:5703:0400% 0
Sammy BlaisLW/RW000-100007:010:0000:0000% 0
Travis SanheimD000-1010116:090:0004:3000% 0

Panthers

5 vs 5 Forward
Line #Left WingCenterRight WingPHYDFOFWanted %Time %Time Play
1Jonathan MarchessaultAleksander BarkovAndre Burakovsky0143030%14:24
2Vladislav NamestnikovClaude GirouxReilly Smith0143031%15:00
3David KrejciBrett HowdenOskar Sundqvist0322424%11:47
4Eric RobinsonRiley NashMichael Raffl0321616%7:37
5 vs 5 Defense
Line #DefenseDefensePHYDFOFWanted %Time %Time Play
1Seth JonesDylan DeMelo0143030%14:26
2Nikita ZaitsevColton Parayko0143032%15:38
3Dmitry KulikovJustin Braun0322426%12:51
4Seth JonesDylan DeMelo0141612%5:53
Power Play Forward
Line #Left WingCenterRight WingPHYDFOFWanted %Time %Time Play
1Jonathan MarchessaultAleksander BarkovAndre Burakovsky0145053%4:10
2Vladislav NamestnikovClaude GirouxReilly Smith0145047%3:46
Power Play Defense
Line #DefenseDefensePHYDFOFWanted %Time %Time Play
1Seth JonesDylan DeMelo0145046%3:39
2Nikita ZaitsevColton Parayko0145054%4:17
Penalty Kill 4 Players Forward
Line #CenterWingPHYDFOFWanted %Time %Time Play
1Aleksander BarkovJonathan Marchessault0325052%1:42
2Claude GirouxReilly Smith0325048%1:34
Penalty Kill 4 Players Defense
Line #DefenseDefensePHYDFOFWanted %Time %Time Play
1Seth JonesDylan DeMelo0325051%1:39
2Nikita ZaitsevColton Parayko0325049%1:37
Penalty Kill 3 Players
Line #WingPHYDFOFWanted %Time %Time PlayDefenseDefensePHYDFOFWanted %Time %Time Play
1Aleksander Barkov032500%0:00 Seth JonesDylan DeMelo032500%0:00
2Claude Giroux032500%0:00 Nikita ZaitsevColton Parayko032500%0:00
4 vs 4 Forward
Line #CenterWingPHYDFOFWanted %Time %Time Play
1Aleksander BarkovJonathan Marchessault014500%0:00
2Claude GirouxAndre Burakovsky014500%0:00
4 vs 4 Defense
Line #DefensePHYDFOFWanted %Time %Time Play
1Seth JonesDylan DeMelo014500%0:00
2Nikita ZaitsevColton Parayko014500%0:00
Last Minutes Offensive
Left WingCenterRight WingDefenseDefense
Claude GirouxAleksander BarkovReilly SmithSeth JonesNikita Zaitsev
Last Minutes Defensive
Left WingCenterRight WingDefenseDefense
Claude GirouxAleksander BarkovReilly SmithSeth JonesNikita Zaitsev
Time
Total ForwardTotal DefenseLast Minutes OffensiveLast Minutes Defensive
60:00 60:00 0:000:00
Extra Forwards
Normal PowerPlayPenalty Kill
Brett Howden, Oskar Sundqvist, Riley NashBrett Howden, Oskar SundqvistRiley Nash
Extra Defensemen
Normal PowerPlayPenalty Kill
Colton Parayko, Justin Braun, Nikita ZaitsevDylan DeMelo, Justin BraunNikita Zaitsev
Penalty Shots
Aleksander Barkov, Jonathan Marchessault, Claude Giroux, Reilly Smith, Andre Burakovsky
Goalie
Collin Delia, Jonathan Quick
Custom OT Lines Forwards
Aleksander Barkov, Claude Giroux, Reilly Smith, Jonathan Marchessault, Andre Burakovsky, Vladislav Namestnikov, Brett Howden, Oskar Sundqvist, Riley Nash, Eric Robinson
Custom OT Lines Defensemen
Seth Jones, Dylan DeMelo, Nikita Zaitsev, Colton Parayko, Justin Braun
Scratches
Jujhar Khaira (Sprained Right Finger Injury), Chad Ruhwedel (Healthy), Jason Demers (Healthy)

Islanders

5 vs 5 Forward
Line #Left WingCenterRight WingPHYDFOFWanted %Time %Time Play
1J.T. MillerMark ScheifeleAlex Tuch1133333%16:00
2Anders LeeCharlie CoyleJesse Puljujarvi1222826%12:49
3Alexandre TexierDylan StromeLawson Crouse1222727%12:58
4Milan LucicJohan LarssonSammy Blais1221214%7:01
5 vs 5 Defense
Line #DefenseDefensePHYDFOFWanted %Time %Time Play
1Rasmus RistolainenDuncan Keith1224040%19:21
2Rasmus DahlinJohn Klingberg1223536%17:48
3Travis SanheimNoah Dobson1222524%11:39
4Rasmus RistolainenDuncan Keith12200%0:00
Power Play Forward
Line #Left WingCenterRight WingPHYDFOFWanted %Time %Time Play
1J.T. MillerMark ScheifeleAlex Tuch0055347%1:32
2Lawson CrouseCharlie CoyleJesse Puljujarvi0144753%1:44
Power Play Defense
Line #DefenseDefensePHYDFOFWanted %Time %Time Play
1Rasmus RistolainenDuncan Keith0145360%1:57
2Rasmus DahlinNoah Dobson0144740%1:19
Penalty Kill 4 Players Forward
Line #CenterWingPHYDFOFWanted %Time %Time Play
1Mark ScheifeleJ.T. Miller1225048%3:47
2Alex TuchJesse Puljujarvi1225052%4:09
Penalty Kill 4 Players Defense
Line #DefenseDefensePHYDFOFWanted %Time %Time Play
1Rasmus RistolainenDuncan Keith1225043%3:26
2Rasmus DahlinTravis Sanheim1225057%4:30
Penalty Kill 3 Players
Line #WingPHYDFOFWanted %Time %Time PlayDefenseDefensePHYDFOFWanted %Time %Time Play
1Mark Scheifele122500%0:00 Rasmus RistolainenDuncan Keith122500%0:00
2J.T. Miller122500%0:00 Rasmus DahlinTravis Sanheim122500%0:00
4 vs 4 Forward
Line #CenterWingPHYDFOFWanted %Time %Time Play
1Mark ScheifeleJ.T. Miller122500%0:00
2Alex TuchJesse Puljujarvi122500%0:00
4 vs 4 Defense
Line #DefensePHYDFOFWanted %Time %Time Play
1Rasmus RistolainenDuncan Keith122500%0:00
2Rasmus DahlinTravis Sanheim122500%0:00
Last Minutes Offensive
Left WingCenterRight WingDefenseDefense
J.T. MillerMark ScheifeleAlex TuchRasmus RistolainenDuncan Keith
Last Minutes Defensive
Left WingCenterRight WingDefenseDefense
J.T. MillerMark ScheifeleAlex TuchRasmus RistolainenDuncan Keith
Time
Total ForwardTotal DefenseLast Minutes OffensiveLast Minutes Defensive
60:00 60:00 0:000:00
Extra Forwards
Normal PowerPlayPenalty Kill
Dylan Strome, Alexandre Texier, Milan LucicDylan Strome, Alexandre TexierMilan Lucic
Extra Defensemen
Normal PowerPlayPenalty Kill
Travis Sanheim, Noah Dobson, Rasmus DahlinTravis Sanheim, Noah DobsonRasmus Dahlin
Penalty Shots
Mark Scheifele, J.T. Miller, Alex Tuch, Jesse Puljujarvi, Charlie Coyle
Goalie
Mikko Koskinen, Linus Ullmark
Custom OT Lines Forwards
Mark Scheifele, J.T. Miller, Alex Tuch, Jesse Puljujarvi, Charlie Coyle, Lawson Crouse, Dylan Strome, Alexandre Texier, Milan Lucic, Sammy Blais
Custom OT Lines Defensemen
Rasmus Ristolainen, Duncan Keith, Rasmus Dahlin, Noah Dobson, Travis Sanheim
Scratches
Troy Stecher (Healthy), Nicolas Aube-Kubel (Healthy), Sebastian AhoD (Healthy)


Play-by-Play

1st period


0:01 of 1st period - Aleksander Barkov wins face-off versus Mark Scheifele in neutral zone.
0:04 of 1st period - Shot by Seth Jones.
0:04 of 1st period - Shot Misses the Net.
0:16 of 1st period - Shot by J.T. Miller.
0:16 of 1st period - Shot Blocked by Dylan DeMelo.
0:52 of 1st period - Aleksander Barkov is hit by Alex Tuch and loses puck.
1:02 of 1st period - Off-side.
1:03 of 1st period - Claude Giroux wins face-off versus Dylan Strome in neutral zone.
1:36 of 1st period - Shot by John Klingberg.
1:36 of 1st period - Deflect By Dylan Strome.
1:36 of 1st period - Stopped by Collin Delia without a rebound.
1:37 of 1st period - Brett Howden wins face-off versus Charlie Coyle in Panthers zone.
1:46 of 1st period - Icing by Justin Braun.
1:47 of 1st period - Johan Larsson wins face-off versus Brett Howden in Panthers zone.
2:02 of 1st period - Shot by Oskar Sundqvist.
2:02 of 1st period - Shot Misses the Net.
2:19 of 1st period - Travis Sanheim is hit by Brett Howden and loses puck.
3:13 of 1st period - Shot by Riley Nash.
3:13 of 1st period - Shot Misses the Net.
3:15 of 1st period - Shot by Eric Robinson.
3:15 of 1st period - Stopped by Mikko Koskinen with a rebound.
3:40 of 1st period - Off-side.
3:41 of 1st period - Jesse Puljujarvi wins face-off versus Aleksander Barkov in neutral zone.
3:45 of 1st period - Off-side.
3:46 of 1st period - Charlie Coyle wins face-off versus Reilly Smith in neutral zone.
4:03 of 1st period - Shot by Charlie Coyle.
4:03 of 1st period - Goal by Charlie Coyle - Panthers : 0 - Islanders : 1.
4:04 of 1st period - Dylan Strome wins face-off versus Aleksander Barkov in neutral zone.
4:54 of 1st period - Aleksander Barkov is hit by Lawson Crouse and loses puck.
5:02 of 1st period - Minor Penalty to Rasmus Ristolainen for Hooking.
5:03 of 1st period - Mark Scheifele wins face-off versus Claude Giroux in Islanders zone.
5:29 of 1st period - Shot by Vladislav Namestnikov.
5:29 of 1st period - Stopped by Mikko Koskinen without a rebound.
5:30 of 1st period - Mark Scheifele wins face-off versus Claude Giroux in Islanders zone.
6:52 of 1st period - Shot by Colton Parayko.
6:52 of 1st period - Shot Misses the Net.
6:54 of 1st period - Shot by Reilly Smith.
6:54 of 1st period - Stopped by Mikko Koskinen without a rebound.
6:55 of 1st period - Alex Tuch wins face-off versus Aleksander Barkov in Islanders zone.
8:00 of 1st period - Shot by Rasmus Ristolainen.
8:00 of 1st period - Stopped by Collin Delia without a rebound.
8:01 of 1st period - Claude Giroux wins face-off versus Mark Scheifele in Panthers zone.
8:01 of 1st period - Claude Giroux is hit by J.T. Miller.
8:04 of 1st period - Vladislav Namestnikov is hit by J.T. Miller and loses puck.
8:18 of 1st period - Shot by Claude Giroux.
8:18 of 1st period - Shot Misses the Net.
9:51 of 1st period - Nikita Zaitsev is hit by Lawson Crouse and loses puck.
10:27 of 1st period - Aleksander Barkov is hit by Alex Tuch and loses puck.
10:36 of 1st period - Shot by Mark Scheifele.
10:36 of 1st period - Deflect By Alex Tuch.
10:36 of 1st period - Shot Misses the Net.
10:44 of 1st period - Shot by Mark Scheifele.
10:44 of 1st period - Shot Hit the Post.
11:20 of 1st period - Shot by Milan Lucic.
11:20 of 1st period - Stopped by Collin Delia with a rebound.
12:46 of 1st period - Shot by Anders Lee.
12:46 of 1st period - Stopped by Collin Delia without a rebound.
12:47 of 1st period - Aleksander Barkov wins face-off versus Mark Scheifele in Panthers zone.
13:22 of 1st period - Shot by J.T. Miller.
13:22 of 1st period - Stopped by Collin Delia without a rebound.
13:23 of 1st period - Riley Nash wins face-off versus Dylan Strome in Panthers zone.
13:50 of 1st period - Nikita Zaitsev is hit by Lawson Crouse and loses puck.
14:55 of 1st period - Off-side.
14:56 of 1st period - Mark Scheifele wins face-off versus Aleksander Barkov in neutral zone.
15:09 of 1st period - Seth Jones is hit by Alex Tuch.
15:17 of 1st period - Shot by Alex Tuch.
15:17 of 1st period - Stopped by Collin Delia without a rebound.
15:18 of 1st period - Jesse Puljujarvi wins face-off versus Brett Howden in Panthers zone.
15:33 of 1st period - Colton Parayko is hit by Anders Lee and loses puck.
15:44 of 1st period - Shot by Charlie Coyle.
15:44 of 1st period - Stopped by Collin Delia with a rebound.
16:15 of 1st period - Minor Penalty to Alex Tuch for Interference.
16:16 of 1st period - Aleksander Barkov wins face-off versus Mark Scheifele in Islanders zone.
16:23 of 1st period - Shot by Jonathan Marchessault.
16:23 of 1st period - Shot Blocked by Rasmus Ristolainen.
16:31 of 1st period - Shot by Seth Jones.
16:31 of 1st period - Stopped by Mikko Koskinen without a rebound.
16:32 of 1st period - Mark Scheifele wins face-off versus Claude Giroux in Islanders zone.
16:32 of 1st period - Mark Scheifele is hit by Vladislav Namestnikov.
16:50 of 1st period - Shot by Seth Jones.
16:50 of 1st period - Deflect By Claude Giroux.
16:50 of 1st period - Shot Misses the Net.
17:04 of 1st period - Shot by Reilly Smith.
17:04 of 1st period - Stopped by Mikko Koskinen with a rebound.
17:06 of 1st period - Shot by Claude Giroux.
17:06 of 1st period - Stopped by Mikko Koskinen without a rebound.
17:07 of 1st period - Mark Scheifele wins face-off versus Aleksander Barkov in Islanders zone.
17:15 of 1st period - Nikita Zaitsev is hit by J.T. Miller and loses puck.
17:27 of 1st period - Aleksander Barkov is hit by Rasmus Ristolainen and loses puck.
17:52 of 1st period - Icing by Aleksander Barkov.
17:53 of 1st period - Milan Lucic wins face-off versus Aleksander Barkov in Panthers zone.
17:59 of 1st period - Icing by Aleksander Barkov.
18:00 of 1st period - Aleksander Barkov wins face-off versus Mark Scheifele in Panthers zone.
18:16 of 1st period - Icing by Rasmus Dahlin.
18:17 of 1st period - Dylan Strome wins face-off versus Claude Giroux in Islanders zone.
18:17 of 1st period - Dylan Strome is hit by Reilly Smith.
18:23 of 1st period - Rasmus Dahlin is hit by Vladislav Namestnikov.
19:07 of 1st period - Icing by Dylan DeMelo.
19:08 of 1st period - Mark Scheifele wins face-off versus Reilly Smith in Panthers zone.
19:22 of 1st period - Alex Tuch is hit by Dylan DeMelo and loses puck.
19:35 of 1st period - Shot by Mark Scheifele.
19:35 of 1st period - Shot Blocked by Seth Jones.
19:47 of 1st period - Shot by J.T. Miller.
19:47 of 1st period - Stopped by Collin Delia without a rebound.
19:48 of 1st period - Jonathan Marchessault wins face-off versus Charlie Coyle in Panthers zone.
19:48 of 1st period - Jonathan Marchessault is hit by Jesse Puljujarvi.
19:57 of 1st period - Icing by Travis Sanheim.
19:58 of 1st period - Charlie Coyle wins face-off versus David Krejci in Islanders zone.
Goals for this period are 0 for Panthers vs 1 for Islanders.
Shots for this period are 6 for Panthers vs 9 for Islanders.

2nd period


0:01 of 2nd period - Mark Scheifele wins face-off versus Aleksander Barkov in neutral zone.
0:04 of 2nd period - Dylan DeMelo is hit by J.T. Miller and loses puck.
0:12 of 2nd period - Seth Jones is hit by Rasmus Dahlin and loses puck.
1:01 of 2nd period - Colton Parayko is hit by Charlie Coyle and loses puck.
1:38 of 2nd period - Shot by Jesse Puljujarvi.
1:38 of 2nd period - Shot Misses the Net.
2:11 of 2nd period - Shot by Vladislav Namestnikov.
2:11 of 2nd period - Shot Blocked by Travis Sanheim.
2:13 of 2nd period - Shot by Reilly Smith.
2:13 of 2nd period - Stopped by Mikko Koskinen without a rebound.
2:14 of 2nd period - Johan Larsson wins face-off versus Riley Nash in Islanders zone.
2:52 of 2nd period - Shot by Johan Larsson.
2:52 of 2nd period - Stopped by Collin Delia without a rebound.
2:53 of 2nd period - Jonathan Marchessault wins face-off versus Mark Scheifele in Panthers zone.
3:02 of 2nd period - Shot by Andre Burakovsky.
3:02 of 2nd period - Deflect By Jonathan Marchessault.
3:02 of 2nd period - Shot Misses the Net.
3:04 of 2nd period - Shot by Aleksander Barkov.
3:04 of 2nd period - Shot Blocked by Duncan Keith.
3:06 of 2nd period - Shot by Dmitry Kulikov.
3:06 of 2nd period - Deflect By Aleksander Barkov.
3:06 of 2nd period - Goal by Aleksander Barkov - Panthers : 1 - Islanders : 1.
3:07 of 2nd period - Claude Giroux wins face-off versus Jesse Puljujarvi in neutral zone.
3:09 of 2nd period - Nikita Zaitsev is hit by Noah Dobson and loses puck.
3:14 of 2nd period - Shot by Vladislav Namestnikov.
3:14 of 2nd period - Stopped by Mikko Koskinen with a rebound.
3:16 of 2nd period - Shot by Vladislav Namestnikov.
3:16 of 2nd period - Shot Misses the Net.
3:18 of 2nd period - Shot by Vladislav Namestnikov.
3:18 of 2nd period - Goal by Vladislav Namestnikov - Panthers : 2 - Islanders : 1.
3:19 of 2nd period - Aleksander Barkov wins face-off versus J.T. Miller in neutral zone.
3:19 of 2nd period - Dylan DeMelo is hit by Alex Tuch and loses puck.
3:44 of 2nd period - Shot by Jonathan Marchessault.
3:44 of 2nd period - Stopped by Mikko Koskinen with a rebound.
3:56 of 2nd period - Shot by Jonathan Marchessault.
3:56 of 2nd period - Shot Blocked by Rasmus Ristolainen.
4:26 of 2nd period - Vladislav Namestnikov is hit by Charlie Coyle and loses puck.
4:43 of 2nd period - Shot by Vladislav Namestnikov.
4:43 of 2nd period - Shot Misses the Net.
4:49 of 2nd period - Shot by Claude Giroux.
4:49 of 2nd period - Shot Misses the Net.
4:51 of 2nd period - Shot by Reilly Smith.
4:51 of 2nd period - Shot Misses the Net.
5:25 of 2nd period - Shot by David Krejci.
5:25 of 2nd period - Shot Misses the Net.
5:43 of 2nd period - Shot by Dylan Strome.
5:43 of 2nd period - Shot Misses the Net.
6:18 of 2nd period - Shot by Aleksander Barkov.
6:18 of 2nd period - Shot Blocked by Rasmus Ristolainen.
6:37 of 2nd period - Shot by Duncan Keith.
6:37 of 2nd period - Stopped by Collin Delia without a rebound.
6:38 of 2nd period - Claude Giroux wins face-off versus Mark Scheifele in Panthers zone.
7:07 of 2nd period - Rasmus Dahlin is hit by Justin Braun and loses puck.
7:18 of 2nd period - Shot by Reilly Smith.
7:18 of 2nd period - Shot Misses the Net.
7:33 of 2nd period - Andre Burakovsky is hit by Rasmus Dahlin and loses puck.
7:36 of 2nd period - Shot by Andre Burakovsky.
7:36 of 2nd period - Shot Misses the Net.
7:37 of 2nd period - Minor Penalty to Rasmus Dahlin for Hooking.
7:38 of 2nd period - Aleksander Barkov wins face-off versus Milan Lucic in Islanders zone.
7:39 of 2nd period - Shot by Dylan DeMelo.
7:39 of 2nd period - Shot Misses the Net.
7:41 of 2nd period - Shot by Dylan DeMelo.
7:41 of 2nd period - Stopped by Mikko Koskinen with a rebound.
7:43 of 2nd period - Shot by Jonathan Marchessault.
7:43 of 2nd period - Deflect By Aleksander Barkov.
7:43 of 2nd period - Shot Blocked by Rasmus Ristolainen.
8:35 of 2nd period - Shot by Colton Parayko.
8:35 of 2nd period - Shot Misses the Net.
9:41 of 2nd period - Shot by Eric Robinson.
9:41 of 2nd period - Stopped by Mikko Koskinen without a rebound.
9:42 of 2nd period - Dylan Strome wins face-off versus Michael Raffl in Islanders zone.
10:04 of 2nd period - Shot by Riley Nash.
10:04 of 2nd period - Shot Misses the Net.
10:12 of 2nd period - Shot by Dylan Strome.
10:12 of 2nd period - Shot Misses the Net.
10:20 of 2nd period - Shot by Michael Raffl.
10:20 of 2nd period - Goal by Michael Raffl - Panthers : 3 - Islanders : 1.
10:21 of 2nd period - Brett Howden wins face-off versus Johan Larsson in neutral zone.
10:23 of 2nd period - Off-side.
10:24 of 2nd period - Claude Giroux wins face-off versus Charlie Coyle in neutral zone.
10:26 of 2nd period - Vladislav Namestnikov is hit by Jesse Puljujarvi and loses puck.
10:41 of 2nd period - Shot by Reilly Smith.
10:41 of 2nd period - Shot Blocked by Charlie Coyle.
10:43 of 2nd period - Shot by Reilly Smith.
10:43 of 2nd period - Stopped by Mikko Koskinen with a rebound.
10:45 of 2nd period - Shot by Colton Parayko.
10:45 of 2nd period - Shot Misses the Net.
10:47 of 2nd period - Shot by Reilly Smith.
10:47 of 2nd period - Deflect By Vladislav Namestnikov.
10:47 of 2nd period - Stopped by Mikko Koskinen without a rebound.
10:48 of 2nd period - Mark Scheifele wins face-off versus Aleksander Barkov in Islanders zone.
11:46 of 2nd period - Jesse Puljujarvi is hit by Dylan DeMelo.
11:49 of 2nd period - Icing by Seth Jones.
11:50 of 2nd period - Aleksander Barkov wins face-off versus Dylan Strome in Panthers zone.
12:04 of 2nd period - Minor Penalty to Noah Dobson for Interference.
12:05 of 2nd period - Claude Giroux wins face-off versus Alex Tuch in Islanders zone.
12:06 of 2nd period - Shot by Vladislav Namestnikov.
12:06 of 2nd period - Stopped by Mikko Koskinen without a rebound.
12:07 of 2nd period - Claude Giroux wins face-off versus Alex Tuch in Islanders zone.
13:43 of 2nd period - Travis Sanheim is hit by Vladislav Namestnikov and loses puck.
13:52 of 2nd period - Shot by Vladislav Namestnikov.
13:52 of 2nd period - Stopped by Mikko Koskinen without a rebound.
13:53 of 2nd period - Aleksander Barkov wins face-off versus Mark Scheifele in Islanders zone.
13:54 of 2nd period - Shot by Seth Jones.
13:54 of 2nd period - Deflect By Aleksander Barkov.
13:54 of 2nd period - Stopped by Mikko Koskinen with a rebound.
13:56 of 2nd period - Shot by Dylan DeMelo.
13:56 of 2nd period - Shot Misses the Net.
13:58 of 2nd period - Shot by Seth Jones.
13:58 of 2nd period - Stopped by Mikko Koskinen without a rebound.
13:59 of 2nd period - Mark Scheifele wins face-off versus Vladislav Namestnikov in Islanders zone.
13:59 of 2nd period - Mark Scheifele is hit by Vladislav Namestnikov.
14:18 of 2nd period - David Krejci is hit by Rasmus Ristolainen and loses puck.
15:08 of 2nd period - Shot by Michael Raffl.
15:08 of 2nd period - Shot Misses the Net.
15:11 of 2nd period - Icing by Rasmus Ristolainen.
15:12 of 2nd period - Johan Larsson wins face-off versus Aleksander Barkov in Islanders zone.
15:33 of 2nd period - Shot by Aleksander Barkov.
15:33 of 2nd period - Stopped by Mikko Koskinen without a rebound.
15:34 of 2nd period - Charlie Coyle wins face-off versus Claude Giroux in Islanders zone.
15:34 of 2nd period - Rasmus Dahlin is hit by Claude Giroux and loses puck.
15:43 of 2nd period - Shot by Jesse Puljujarvi.
15:43 of 2nd period - Stopped by Collin Delia without a rebound.
15:44 of 2nd period - Mark Scheifele wins face-off versus Aleksander Barkov in Panthers zone.
15:48 of 2nd period - J.T. Miller is hit by Dylan DeMelo and loses puck.
15:59 of 2nd period - Shot by Jonathan Marchessault.
15:59 of 2nd period - Shot Misses the Net.
16:01 of 2nd period - Shot by Dylan DeMelo.
16:01 of 2nd period - Stopped by Mikko Koskinen with a rebound.
16:16 of 2nd period - Shot by Andre Burakovsky.
16:16 of 2nd period - Shot Misses the Net.
16:18 of 2nd period - Shot by Andre Burakovsky.
16:18 of 2nd period - Shot Misses the Net.
16:20 of 2nd period - Shot by Dylan DeMelo.
16:20 of 2nd period - Stopped by Mikko Koskinen with a rebound.
16:35 of 2nd period - Minor Penalty to Vladislav Namestnikov for Charging.
16:36 of 2nd period - Charlie Coyle wins face-off versus Claude Giroux in Panthers zone.
16:36 of 2nd period - Noah Dobson is hit by Nikita Zaitsev and loses puck.
17:04 of 2nd period - Off-side.
17:05 of 2nd period - Mark Scheifele wins face-off versus Aleksander Barkov in neutral zone.
17:27 of 2nd period - Shot by J.T. Miller.
17:27 of 2nd period - Stopped by Collin Delia without a rebound.
17:28 of 2nd period - Aleksander Barkov wins face-off versus Charlie Coyle in Panthers zone.
17:28 of 2nd period - Aleksander Barkov is hit by Lawson Crouse.
17:50 of 2nd period - Shot by Charlie Coyle.
17:50 of 2nd period - Shot Misses the Net.
17:52 of 2nd period - Shot by Duncan Keith.
17:52 of 2nd period - Goal by Duncan Keith - Panthers : 3 - Islanders : 2.
17:53 of 2nd period - Claude Giroux wins face-off versus Johan Larsson in neutral zone.
18:10 of 2nd period - Reilly Smith is hit by Travis Sanheim and loses puck.
18:13 of 2nd period - Shot by Claude Giroux.
18:13 of 2nd period - Goal by Claude Giroux - Panthers : 4 - Islanders : 2.
18:14 of 2nd period - Charlie Coyle wins face-off versus Oskar Sundqvist in neutral zone.
18:22 of 2nd period - Shot by Charlie Coyle.
18:22 of 2nd period - Shot Blocked by Colton Parayko.
18:33 of 2nd period - Brett Howden is hit by Anders Lee and loses puck.
19:34 of 2nd period - Shot by Mark Scheifele.
19:34 of 2nd period - Stopped by Collin Delia without a rebound.
19:35 of 2nd period - Aleksander Barkov wins face-off versus Dylan Strome in Panthers zone.
19:35 of 2nd period - Aleksander Barkov is hit by Lawson Crouse.
19:49 of 2nd period - Shot by Andre Burakovsky.
19:49 of 2nd period - Stopped by Mikko Koskinen without a rebound.
19:50 of 2nd period - Johan Larsson wins face-off versus Claude Giroux in Islanders zone.
19:52 of 2nd period - Icing by Duncan Keith.
19:53 of 2nd period - Claude Giroux wins face-off versus Johan Larsson in Islanders zone.
19:54 of 2nd period - Shot by Reilly Smith.
19:54 of 2nd period - Stopped by Mikko Koskinen without a rebound.
19:55 of 2nd period - Charlie Coyle wins face-off versus Claude Giroux in Islanders zone.
19:55 of 2nd period - Rasmus Ristolainen is hit by Vladislav Namestnikov.
Goals for this period are 4 for Panthers vs 1 for Islanders.
Shots for this period are 20 for Panthers vs 6 for Islanders.

3rd period


0:01 of 3rd period - Charlie Coyle wins face-off versus Claude Giroux in neutral zone.
0:04 of 3rd period - Seth Jones is hit by Jesse Puljujarvi and loses puck.
0:12 of 3rd period - Off-side.
0:13 of 3rd period - Aleksander Barkov wins face-off versus Mark Scheifele in neutral zone.
0:15 of 3rd period - Off-side.
0:16 of 3rd period - Charlie Coyle wins face-off versus Vladislav Namestnikov in neutral zone.
0:46 of 3rd period - Shot by Duncan Keith.
0:46 of 3rd period - Stopped by Collin Delia without a rebound.
0:47 of 3rd period - Mark Scheifele wins face-off versus Aleksander Barkov in Panthers zone.
0:58 of 3rd period - Shot by Andre Burakovsky.
0:58 of 3rd period - Goal by Andre Burakovsky - Panthers : 5 - Islanders : 2.
0:59 of 3rd period - Riley Nash wins face-off versus Alexandre Texier in neutral zone.
1:20 of 3rd period - Shot by Eric Robinson.
1:20 of 3rd period - Stopped by Mikko Koskinen without a rebound.
1:21 of 3rd period - Jesse Puljujarvi wins face-off versus Andre Burakovsky in Islanders zone.
1:57 of 3rd period - Shot by Charlie Coyle.
1:57 of 3rd period - Stopped by Collin Delia without a rebound.
1:58 of 3rd period - Claude Giroux wins face-off versus Alex Tuch in Panthers zone.
2:09 of 3rd period - Nikita Zaitsev is hit by Alex Tuch.
2:35 of 3rd period - Shot by Reilly Smith.
2:35 of 3rd period - Shot Misses the Net.
2:37 of 3rd period - Shot by Claude Giroux.
2:37 of 3rd period - Stopped by Mikko Koskinen without a rebound.
2:38 of 3rd period - Dylan Strome wins face-off versus Brett Howden in Islanders zone.
2:38 of 3rd period - Dylan Strome is hit by Oskar Sundqvist.
3:44 of 3rd period - Icing by Justin Braun.
3:45 of 3rd period - Aleksander Barkov wins face-off versus Charlie Coyle in Panthers zone.
3:45 of 3rd period - Aleksander Barkov is hit by Jesse Puljujarvi.
4:30 of 3rd period - Icing by Rasmus Dahlin.
4:31 of 3rd period - Claude Giroux wins face-off versus Charlie Coyle in Islanders zone.
4:31 of 3rd period - Vladislav Namestnikov is hit by Rasmus Dahlin and loses puck.
5:21 of 3rd period - Shot by Alex Tuch.
5:21 of 3rd period - Stopped by Collin Delia without a rebound.
5:22 of 3rd period - Riley Nash wins face-off versus Dylan Strome in Panthers zone.
5:35 of 3rd period - Shot by Colton Parayko.
5:35 of 3rd period - Deflect By Riley Nash.
5:35 of 3rd period - Stopped by Mikko Koskinen without a rebound.
5:36 of 3rd period - Johan Larsson wins face-off versus Aleksander Barkov in Islanders zone.
5:42 of 3rd period - Off-side.
5:43 of 3rd period - Mark Scheifele wins face-off versus Riley Nash in neutral zone.
6:10 of 3rd period - Riley Nash is hit by Rasmus Ristolainen and loses puck.
6:17 of 3rd period - Shot by Michael Raffl.
6:17 of 3rd period - Shot Misses the Net.
6:41 of 3rd period - Icing by Riley Nash.
6:42 of 3rd period - Charlie Coyle wins face-off versus Michael Raffl in Panthers zone.
7:48 of 3rd period - Icing by Jesse Puljujarvi.
7:49 of 3rd period - Charlie Coyle wins face-off versus Claude Giroux in Islanders zone.
7:57 of 3rd period - Icing by Anders Lee.
7:58 of 3rd period - Charlie Coyle wins face-off versus Brett Howden in Islanders zone.
7:58 of 3rd period - Charlie Coyle is hit by Brett Howden.
8:03 of 3rd period - Rasmus Dahlin is hit by Dmitry Kulikov and loses puck.
8:19 of 3rd period - Rasmus Dahlin is hit by Brett Howden and loses puck.
8:25 of 3rd period - Icing by Charlie Coyle.
8:26 of 3rd period - Claude Giroux wins face-off versus Charlie Coyle in Islanders zone.
9:34 of 3rd period - Shot by Travis Sanheim.
9:34 of 3rd period - Shot Misses the Net.
10:12 of 3rd period - Shot by Noah Dobson.
10:12 of 3rd period - Shot Misses the Net.
10:35 of 3rd period - Shot by Rasmus Ristolainen.
10:35 of 3rd period - Stopped by Collin Delia without a rebound.
10:36 of 3rd period - Riley Nash wins face-off versus Mark Scheifele in Panthers zone.
10:41 of 3rd period - Shot by Michael Raffl.
10:41 of 3rd period - Stopped by Mikko Koskinen with a rebound.
10:58 of 3rd period - Icing by John Klingberg.
10:59 of 3rd period - Brett Howden wins face-off versus Mark Scheifele in Islanders zone.
11:49 of 3rd period - Icing by Rasmus Ristolainen.
11:50 of 3rd period - Dylan Strome wins face-off versus Reilly Smith in Islanders zone.
12:25 of 3rd period - Shot by Claude Giroux.
12:25 of 3rd period - Stopped by Mikko Koskinen without a rebound.
12:26 of 3rd period - Aleksander Barkov wins face-off versus Charlie Coyle in Islanders zone.
12:29 of 3rd period - Shot by Jonathan Marchessault.
12:29 of 3rd period - Shot Misses the Net.
12:35 of 3rd period - Shot by Jonathan Marchessault.
12:35 of 3rd period - Stopped by Mikko Koskinen with a rebound.
12:47 of 3rd period - Shot by Jonathan Marchessault.
12:47 of 3rd period - Deflect By Aleksander Barkov.
12:47 of 3rd period - Shot Misses the Net.
12:59 of 3rd period - Shot by Andre Burakovsky.
12:59 of 3rd period - Stopped by Mikko Koskinen with a rebound.
13:01 of 3rd period - Shot by Aleksander Barkov.
13:01 of 3rd period - Shot Misses the Net.
13:20 of 3rd period - Travis Sanheim is hit by Oskar Sundqvist and loses puck.
13:27 of 3rd period - Shot by Seth Jones.
13:27 of 3rd period - Shot Misses the Net.
13:29 of 3rd period - Shot by Brett Howden.
13:29 of 3rd period - Stopped by Mikko Koskinen without a rebound.
13:30 of 3rd period - Mark Scheifele wins face-off versus Claude Giroux in Islanders zone.
13:35 of 3rd period - Reilly Smith is hit by J.T. Miller and loses puck.
13:45 of 3rd period - Off-side.
13:46 of 3rd period - Dylan Strome wins face-off versus Brett Howden in neutral zone.
13:52 of 3rd period - Minor Penalty to Dylan DeMelo for Interference.
13:53 of 3rd period - Mark Scheifele wins face-off versus Aleksander Barkov in Panthers zone.
14:10 of 3rd period - Shot by J.T. Miller.
14:10 of 3rd period - Shot Blocked by Seth Jones.
14:14 of 3rd period - Shot by J.T. Miller.
14:14 of 3rd period - Shot Misses the Net.
14:16 of 3rd period - Shot by J.T. Miller.
14:16 of 3rd period - Shot Blocked by Seth Jones.
14:18 of 3rd period - Shot by Mark Scheifele.
14:18 of 3rd period - Deflect By J.T. Miller.
14:18 of 3rd period - Shot Misses the Net.
15:41 of 3rd period - Icing by Rasmus Ristolainen.
15:42 of 3rd period - Claude Giroux wins face-off versus Mark Scheifele in Islanders zone.
16:16 of 3rd period - Shot by Oskar Sundqvist.
16:16 of 3rd period - Deflect By David Krejci.
16:16 of 3rd period - Shot Misses the Net.
16:53 of 3rd period - Lawson Crouse is hit by Nikita Zaitsev and loses puck.
17:08 of 3rd period - Shot by Alexandre Texier.
17:08 of 3rd period - Goal by Alexandre Texier - Panthers : 5 - Islanders : 3.
17:09 of 3rd period - Mark Scheifele wins face-off versus Claude Giroux in neutral zone.
17:37 of 3rd period - Shot by Mark Scheifele.
17:37 of 3rd period - Deflect By J.T. Miller.
17:37 of 3rd period - Stopped by Collin Delia with a rebound.
17:39 of 3rd period - Shot by Alex Tuch.
17:39 of 3rd period - Shot Misses the Net.
17:41 of 3rd period - Shot by Alex Tuch.
17:41 of 3rd period - Deflect By J.T. Miller.
17:41 of 3rd period - Stopped by Collin Delia with a rebound.
17:45 of 3rd period - Shot by Mark Scheifele.
17:45 of 3rd period - Stopped by Collin Delia without a rebound.
17:46 of 3rd period - Charlie Coyle wins face-off versus Aleksander Barkov in Panthers zone.
18:03 of 3rd period - Shot by Anders Lee.
18:03 of 3rd period - Stopped by Collin Delia without a rebound.
18:04 of 3rd period - Dylan Strome wins face-off versus Riley Nash in Panthers zone.
18:43 of 3rd period - Shot by Rasmus Dahlin.
18:43 of 3rd period - Shot Misses the Net.
19:13 of 3rd period - Shot by Claude Giroux.
19:13 of 3rd period - Shot Misses the Net.
19:39 of 3rd period - Rasmus Ristolainen is hit by Reilly Smith and loses puck.
19:47 of 3rd period - Icing by Mark Scheifele.
19:48 of 3rd period - Alex Tuch wins face-off versus Brett Howden in Islanders zone.
Goals for this period are 1 for Panthers vs 1 for Islanders.
Shots for this period are 9 for Panthers vs 9 for Islanders.




Output by the SimonT Hockey Simulator (STHS) for Eric Henault - Original Page W3C HTML5 Valid
Hockey Simulator - Hockey Simulation - Hockey Manager